 Dungeon Crawl Stone Soup version 0.28-a0-1389-gc726bef33b (webtiles) character file.

Game seed: 692234706796766398

9266 bladeefan the Basher (level 11, -1/148 HPs)
             Began as a Minotaur Berserker on Jan 3, 2022.
             Was a High Priest of Trog.
             Slain by an orc warrior (20 damage)
             ... in a bailey.
             The game lasted 00:14:41 (11686 turns).

bladeefan the Basher (Minotaur Berserker)          Turns: 11686, Time: 00:14:42

Health: -1/148     AC: 15    Str: 26    XL:     11   Next: 20%
Magic:  10/10      EV: 11    Int:  4    God:    Trog [*****.]
Gold:   497        SH:  0    Dex: 10    Spells: 10/10 levels left

rFire   . . .      SeeInvis .   d - +3 dire flail (venom)
rCold   . . .      Faith    .   (shield currently unavailable)
rNeg    . . .      Spirit   .   p - +0 chain mail
rPois   .          Reflect  .   (helmet restricted)
rElec   .          Harm     .   w - +1 cloak
rCorr   .          Rampage  .   u - +0 pair of gloves
Will    ++...                   (no boots)
Stlth   ..........              (no amulet)
HPRegen 1.34/turn               j - ring of flight
MPRegen 0.12/turn               (no ring)

@: berserking, strong-willed, flying, regenerating, very quick
A: horns 2, retaliatory headbutt
a: Renounce Religion, Berserk, Trog's Hand, Brothers in Arms


You were in a bailey.
You worshipped Trog.
Trog was extremely pleased with you.
You visited 1 branch of the dungeon, and saw 10 of its levels.
You also visited: Bailey.

You collected 497 gold pieces.

Inventory:

Hand Weapons
 d - a +3 dire flail of venom (weapon)
   (You took it off Edmund on level 6 of the Dungeon)
 B - the +3 hand axe of the Turnip {distort, Int+4}
   (You found it on level 9 of the Dungeon)

   It warps and distorts space around it, and may blink, banish, or inflict
   extra damage upon those it strikes.
   Unwielding it can cause banishment or high damage.
   Int:       It affects your intelligence (+4).
Missiles
 c - 8 throwing nets (quivered) {!f}
Armour
 p - a +0 chain mail (worn)
   (You found it on level 5 of the Dungeon)
 u - a +0 pair of gloves (worn)
   (You found it on level 6 of the Dungeon)
 w - a +1 cloak (worn)
   (You took it off Crazy Yiuf on level 6 of the Dungeon)
Jewellery
 i - a ring of protection from fire
   (You found it on level 7 of the Dungeon)
 j - a ring of flight (left hand)
   (You found it on level 3 of the Dungeon)
 y - a ring of magical power
   (You found it on level 7 of the Dungeon)
Wands
 t - a wand of flame (21)
   (You found it on level 5 of the Dungeon)
 v - a wand of digging (5)
   (You found it on level 4 of the Dungeon)
Scrolls
 a - a scroll of blinking {unknown}
 h - 2 scrolls of amnesia
 k - a scroll of noise {!r}
 l - a scroll of magic mapping {unknown}
 n - a scroll of immolation {!r}
 q - a scroll of fog
 z - 2 scrolls of teleportation {@r4}
 A - a scroll of enchant armour
 C - a scroll of enchant weapon
Potions
 b - 2 potions of attraction {unknown}
 e - 3 potions of mutation {unknown}
 f - 2 potions of brilliance {unknown}
 g - a potion of flight {unknown}
 m - 2 potions of berserk rage {unknown}
 o - a potion of haste {@q3}
 r - 3 potions of might
 s - a potion of heal wounds {unknown}
 x - a potion of lignification {unknown}
 D - 2 potions of curing {unknown}


   Skills:
 + Level 10.1 Fighting
 * Level 13.6 Maces & Flails
 + Level 9.8 Armour
 + Level 8.9 Dodging


You had 10 spell levels left.
You didn't know any spells.
Your spell library was empty.

Dungeon Overview and Level Annotations

Branches:
Dungeon (10/15)            Temple (0/1) D:6             Orc (0/2) D:9
 Bailey (1/1)
   Lair: D:8-11

Altars:
Cheibriados
Dithmenos
Gozag
Okawaru
Qazlal
Ru
Sif Muna
Wu Jian
Xom
Zin

Shops:
D:8 !


Innate Abilities, Weirdness & Mutations

You have a pair of horns on your head.
You reflexively headbutt those who attack you in melee.


Message History

The orc warrior cheers loudly.
The orc warrior closely misses you. You furiously retaliate!
You headbutt the orc warrior! The kobold brigand barely misses you.
The orc knight hits you with a +0 war axe!
You sock the orc knight! Your headbutt misses the orc knight.
The orc warrior barely misses you.
You hit the orc knight but do no damage.
The orc knight looks as sick as possible!
The kobold brigand hits you but does no damage.
The orc knight hits you but does no damage.
You puncture the orc knight!
The orc knight looks as sick as possible!
The orc warrior barely misses you.
The kobold brigand hits you but does no damage.
You closely miss the orc knight. The orc knight barely misses you.
You puncture the orc knight!
The orc knight looks as sick as possible!
Your headbutt misses the orc knight.
The orc warrior hits you with a +0 broad axe!
The kobold brigand hits you with a +0 war axe.
The orc knight hits you with a +0 war axe!
You closely miss the orc knight. Your headbutt misses the orc knight.
The orc warrior misses you.
You hit the orc knight but do no damage.
The kobold brigand hits you but does no damage.
The orc knight hits you with a +0 war axe!!
* * * LOW HITPOINT WARNING * * *
The orc knight roars a battlecry!
The orc warriors go into a battle-frenzy!
You see here 4 atropa-tipped darts.
Your skin crawls.
You feel strong-willed.
The orc warrior hits you with a +0 broad axe!!
* * * LOW HITPOINT WARNING * * *
A red film seems to cover your vision as you go berserk!
You feel yourself moving faster!
You feel mighty! The orc warrior closely misses you. You furiously retaliate!
You headbutt the orc warrior! You closely miss the orc warrior.
Your headbutt misses the orc warrior.
The orc warrior hits you with a +0 broad axe.
* * * LOW HITPOINT WARNING * * *
You impale the orc warrior!!
You kill the orc warrior!
Trog accepts your kill.
You bludgeon the kobold brigand!!
You kill the kobold brigand!
Trog accepts your kill.
The orc knight hits you but does no damage.
The orc warrior hits you with a +0 war axe!!
You die...

###..)...[(.###
#.............#
...............
...............
...........
....... #oo.#
###@###
##..().##
#...8...#
#∩.....∩#
##.....##
####'''####
##≈....)..≈##
#≈≈.......≈≈####
.≈≈.......≈≈....


You could see an orc knight (extremely poisoned) and an orc warrior (strong).

Vanquished Creatures
  Harold (D:8)
  A boulder beetle (D:7)
  A two-headed ogre (D:10)
  Joseph (D:7)
  A gargoyle (D:10)
  2 hornets (D:9)
  2 shadows (D:9)
  8 yaks (D:9)
  2 steam dragons
  Menkaure (D:7)
  Edmund (D:6)
  A two-headed ogre zombie (D:9)
  Duvessa (D:6)
  A hornet zombie (D:5)
  2 orc warriors (Bailey)
  2 sky beasts
  5 ogres
  4 centaurs
  2 phantoms
  9 kobold brigands
  3 scorpions
  A wyvern zombie (D:7)
  A water moccasin zombie (D:7)
  Dowan (D:6)
  5 killer bees (D:8)
  5 howler monkeys
  4 wights
  2 centaur zombies
  2 hounds
  2 orc priests
  A jelly (D:6)
  Crazy Yiuf (D:6)
  2 centaur skeletons
  6 gnoll shamans
  3 orc wizards
  2 iguanas
  7 ogre zombies (D:9)
  2 hound skeletons
  3 adders
  20 gnolls
  An adder skeleton (D:5)
  A worm (D:4)
  6 dart slugs
  23 orcs
  4 ball pythons
  3 bats
  6 endoplasms
  A giant cockroach (D:1)
  10 goblins
  5 hobgoblins
  3 jackals (D:4)
  35 kobolds
  3 quokkas
  4 frilled lizards
  A goblin skeleton (D:9)
  A goblin zombie (D:9)
  4 hobgoblin zombies (D:9)
  5 orc skeletons (D:9)
  13 orc zombies (D:9)
  4 rats
254 creatures vanquished.

Vanquished Creatures (others)
  An orc zombie (D:9)
  10 fungi (D:10)
  6 plants (D:10)
17 creatures vanquished.

Grand Total: 271 creatures vanquished

Notes
Turn   | Place    | Note
-------+----------+-------------------------------------------
     0 | D:1      | bladeefan the Minotaur Berserker began the quest for the
                  | Orb.
     0 | D:1      | Reached XP level 1. HP: 19/19 MP: 0/0
   226 | D:1      | Reached XP level 2. HP: 27/27 MP: 1/1
   256 | D:1      | Reached skill level 4 in Maces & Flails
   555 | D:1      | Reached ** piety under Trog
   615 | D:2      | Reached XP level 3. HP: 33/33 MP: 2/2
   619 | D:2      | Found a faded altar of an unknown god.
   624 | D:2      | You fall into a shaft and drop 1 floor!
  1121 | D:3      | Found a glowing silver altar of Zin.
  1348 | D:3      | Reached XP level 4. HP: 41/41 MP: 3/3
  1388 | D:3      | Reached skill level 5 in Maces & Flails
  1581 | D:3      | Found a shadowy altar of Dithmenos.
  1631 | D:3      | Found a shimmering blue altar of Sif Muna.
  1633 | D:3      | Found an ornate altar of the Wu Jian Council.
  1635 | D:3      | Found a snail-covered altar of Cheibriados.
  2078 | D:4      | Reached XP level 5. HP: 33/47 MP: 4/4
  2201 | D:4      | Found an opulent altar of Gozag.
  2703 | D:4      | Reached XP level 6. HP: 42/55 MP: 5/5
  2918 | D:4      | Reached skill level 5 in Fighting
  2918 | D:4      | Reached skill level 6 in Maces & Flails
  3442 | D:4      | Found an iron altar of Okawaru.
  3773 | D:5      | Entered Level 5 of the Dungeon
  3788 | D:5      | Reached XP level 7. HP: 53/61 MP: 6/6
  3832 | D:5      | Reached *** piety under Trog
  3879 | D:5      | Found a stormy altar of Qazlal.
  3915 | D:5      | Reached skill level 7 in Maces & Flails
  3953 | D:6      | Reached skill level 5 in Armour
  4534 | D:5      | Found a sacrificial altar of Ru.
  4580 | D:6      | Reached skill level 8 in Maces & Flails
  4580 | D:6      | Reached skill level 5 in Dodging
  4580 | D:6      | Reached XP level 8. HP: 28/70 MP: 7/7
  5346 | D:6      | Noticed Edmund
  5360 | D:6      | Killed Edmund
  5487 | D:6      | Found a staircase to the Ecumenical Temple.
  5527 | D:6      | Noticed Dowan
  5528 | D:6      | Noticed Duvessa
  5540 | D:6      | Killed Duvessa
  5542 | D:6      | Killed Dowan
  5902 | D:6      | Reached skill level 9 in Maces & Flails
  6132 | D:6      | Found a runed translucent door.
  6133 | D:6      | Noticed Crazy Yiuf
  6564 | D:6      | Killed Crazy Yiuf
  6709 | D:7      | Noticed Joseph
  6723 | D:7      | Killed Joseph
  6724 | D:7      | Reached XP level 9. HP: 79/79 MP: 8/8
  7075 | D:7      | Reached skill level 10 in Maces & Flails
  7083 | D:7      | Noticed Menkaure
  7096 | D:7      | HP: 1/120 [Menkaure (9)]
  7499 | D:7      | Killed Menkaure
  7587 | D:7      | Noticed a boulder beetle
  7599 | D:7      | Killed a boulder beetle
  7600 | D:7      | Reached skill level 11 in Maces & Flails
  8919 | D:8      | Found Muremyet's Distillery.
  9001 | D:8      | Noticed Harold
  9015 | D:8      | Reached XP level 10. HP: 48/90 MP: 9/9
  9027 | D:8      | Killed Harold
  9224 | D:8      | Reached **** piety under Trog
  9534 | D:9      | Found a staircase to the Orcish Mines.
  9550 | D:9      | Reached skill level 12 in Maces & Flails
  9610 | D:9      | Paralysed by a hornet for 3 turns
  9799 | D:9      | Identified the +3 hand axe of the Turnip {distort, Int+4}
 10211 | D:9      | Reached skill level 13 in Maces & Flails
 10474 | D:9      | Reached ***** piety under Trog
 10783 | D:9      | Found a shimmering altar of Xom.
 10899 | D:10     | Entered Level 10 of the Dungeon
 10975 | D:10     | Reached XP level 11. HP: 82/99 MP: 10/10
 11116 | D:10     | Noticed a two-headed ogre
 11122 | D:10     | Killed a two-headed ogre
 11123 | D:10     | Reached skill level 10 in Fighting
 11260 | D:10     | Found a flagged portal.
 11276 | Bailey   | Entered a bailey
 11661 | Bailey   | Noticed an orc knight
 11686 | Bailey   | Slain by an orc warrior

Illustrated notes

Levels and vault maps discovered:
D:1:      heliophobic_arrival_dark_side_of_the_moon, layout_rooms
D:2:      layout_rooms, shapermc_ecumenical_altar_gd, uniq_robin, uniq_terence
D:3:      layout_basic, mainiacjoe_overflow_paths, zin_statuary,
          grunt_temple_overflow_open
D:4:      layout_basic, okawaru_altar_gauntlet_db,
          mainiacjoe_overflow_cross_hatched, nrook_loot_triangle
D:5:      layout_rooms, nicolae_ru_awakened_eye,
          mainiacjoe_overflow_surrounded_room
D:6:      layout_gridville, minmay_temple_entry_large_hall,
          uniq_crazy_yiuf_cottage, uniq_edmund, uniq_duvessa
D:7:      layout_basic, uniq_menkaure, uniq_joseph
D:8:      layout_basic, serial_shops, nicolae_shop_hallway_stairs, uniq_harold
D:9:      layout_loops_ring, xom_teletrap_fun, zombieorc2_lemuel
D:10:     layout_gridville, grunt_lair_entry_orc_guard_hut,
          gammafunk_ghost_smash, enter_bailey_3
Bailey:   bailey_axe_3, bailey

Skill      XL: |  1  2  3  4  5  6  7  8  9 10 11 |
---------------+----------------------------------+-----
Maces & Flails | 4 5 6 8 9 11 13 | 13.6
Fighting       | 4 5 6 7 8 9 10 | 10.1
Armour         | 3 4 5 6 8 9 |  9.8
Dodging        | 3 4 5 6 7 8 |  8.9

Action                   |  1- 3 |  4- 6 |  7- 9 | 10-12 || total
-------------------------+-------+-------+-------+-------++-------
Melee: Mace              |    80 |    45 |       |       ||   125
       Headbutt          |    11 |    29 |    33 |    63 ||   136
       Flail             |       |    59 |    92 |       ||   151
       Dire flail        |       |       |   136 |   259 ||   395
Invok: Berserk           |     2 |     1 |     9 |     1 ||    13
       Trog's Hand       |       |       |     3 |     1 ||     4
  Use: Scroll            |       |       |     8 |     2 ||    10
Armor: Ring mail         |    41 |    28 |    37 |       ||   106
       Chain mail        |       |       |    87 |    99 ||   186
Dodge: Dodged            |    68 |    62 |   162 |   116 ||   408

Table legend: (Time is in decaauts)
 A = Elapsed time spent in this place.
 B = Non-inter-level travel time spent in this place.
 C = Inter-level travel time spent in this place.
 D = Time resting spent in this place.
 E = Time spent auto-exploring this place.
 F = Levels seen in this place.
 G = Mean time per level.
                   A        B        C        D        E       F      G
               +--------+--------+--------+--------+--------+-----+--------+
         Total |  11725 |  11501 |    224 |   3717 |   6196 |  11 | 1065.9 |
       Dungeon |  11339 |  11115 |    224 |   3423 |   6187 |  10 | 1133.9 |
        Bailey |    386 |    386 |      0 |    294 |      9 |   1 |  386.0 |
               +--------+--------+--------+--------+--------+-----+--------+

Top non-repeatable levels by time:
     D:6: 2598 daAuts
     D:4: 1785 daAuts
     D:3: 1404 daAuts
     D:9: 1372 daAuts
     D:8: 1343 daAuts
     D:7: 1112 daAuts
     D:5: 719 daAuts
     D:1: 619 daAuts
  Bailey: 386 daAuts
    D:10: 370 daAuts
     D:2: 14 daAuts
